 Dungeon Sprint DCSS version 0.30-a0-364-gf6b3ef1049 (webtiles) character file.

Game seed: 7374656843109988187

24 Darkkill the Trooper (level 3, 0/24 HPs)
             Began as a Gargoyle Monk on Nov 15, 2022.
             Was a Believer of Nemelex Xobeh.
             Slain by a river rat (5 damage)
             ... in the Dungeon (Sprint VII: "The Pits").
             The game lasted 00:01:33 (124 turns).

Darkkill the Trooper (Gargoyle Monk)                 Turns: 124, Time: 00:01:34

Health: 0/24       AC:  5    Str: 16    XL:     3   Next: 2%
Magic:  3/3        EV: 12    Int: 10    God:    Nemelex Xobeh [**....]
Gold:   0          SH:  0    Dex: 12    Spells: 2/2 levels left

rFire   . . .      SeeInvis .    j - +2 quarterstaff
rCold   . . .      Faith    .    (shield currently unavailable)
rNeg    + . .      Spirit   .    b - +0 robe
rPois   ∞          Reflect  .    (no helmet)
rElec   +          Harm     .    (no cloak)
rCorr   .          Rampage  .    (no gloves)
Will    .....      NoTele   +    (no boots)
Stlth   ++........               (no amulet)
HPRegen 0.24/turn                (no ring)
MPRegen 0.08/turn                (no ring)

@: no status effects
A: sickness immunity, AC +3, negative energy resistance 1, electricity
resistance, torment resistance 1, petrification resistance
a: Renounce Religion, Draw Escape, Draw Destruction, Draw Summoning


You were in the Dungeon.
You worshipped Nemelex Xobeh.
Nemelex Xobeh was pleased with you.
You visited 1 branch

Inventory:

Hand Weapons
 a - a +0 mace
 j - a +2 quarterstaff (weapon)
Missiles
 l - 10 stones (quivered)
Armour
 b - a +0 robe (worn)
Scrolls
 i - a scroll of blinking
 m - 5 scrolls of amnesia
 n - a scroll of summoning
 o - 2 scrolls of vulnerability
Potions
 c - a potion of ambrosia
 d - a potion of curing {@q1}
 e - a potion of heal wounds
 f - a potion of haste
 g - 4 potions of magic
 h - 3 potions of berserk rage
 k - 2 potions of invisibility


   Skills:
 + Level 4.5 Fighting
 + Level 4.1 Maces & Flails
 + Level 3.3 Dodging
 + Level 4.0 Stealth


You had 2 spell levels left.
You didn't know any spells.
Your spell library was empty.

Dungeon Overview and Level Annotations

Branches:
Dungeon (1/1)

Altars:
Ashenzari
Cheibriados
Dithmenos
Elyvilon
Fedhas
Gozag
Hepliaklqana
Kikubaaqudgha
Makhleb
Nemelex Xobeh
Okawaru
Qazlal
Ru
Sif Muna
Trog
Uskayaw
Vehumet
Wu Jian
Xom
Yredelemnul
Zin
The Shining One
Jiyva
Lugonu


Innate Abilities, Weirdness & Mutations

You are immune to sickness and miasma.
Your stone body is resilient. (AC +3)
You are immune to poison.
You resist negative energy. (rN+)
You are resistant to electric shocks. (rElec)
You are resistant to unholy torment.
You are immune to petrification.


Message History

You now have 1 escape card, 10 destruction cards and 4 summoning cards.
There is an open door here.
You open the door.
A hobgoblin and an ufetubus come into view.
The ufetubus shouts!
The hobgoblin shouts!
You thump the hobgoblin!
You kill the hobgoblin!
You barely miss the ufetubus. The ufetubus hits you.
The ufetubus closely misses you. The ufetubus misses you.
The ufetubus hits you.
You miss the ufetubus.
The ufetubus hits you but does no damage. x2
The ufetubus barely misses you.
The ufetubus hits you but does no damage.
You completely miss the ufetubus.
The ufetubus hits you but does no damage.
The ufetubus barely misses you. x2; The ufetubus closely misses you.
You sock the ufetubus!
You kill the ufetubus!
Your Fighting skill increases to level 4!
Your Dodging skill increases to level 3!
Your Stealth skill increases to level 3!
You have reached level 2!
There is an open door, spattered with blood here.
You see here a hobgoblin corpse.
You open the large door.
A rat and 2 jackals come into view.
The jackal barks! x2; You hear a bark!
A jackal comes into view. x2
You sock the jackal!
You kill the jackal!
An adder comes into view.
A river rat comes into view.
The jackal misses you.
You hit the jackal.
You kill the jackal!
You hit the jackal.
You kill the jackal!
The adder closely misses you. The rat bites you but does no damage.
You barely miss the adder. The adder barely misses you.
The rat twitches its whiskers.
The rat barely misses you.
You closely miss the adder. The adder closely misses you.
The rat closely misses you. The adder bites you but does no damage.
You completely miss the adder. The adder barely misses you.
The rat completely misses you.
You miss the adder. The adder bites you. The rat bites you but does no damage.
The adder bites you but does no damage.
You barely miss the adder. The rat barely misses you.
The adder barely misses you. The rat barely misses you.
You hit the adder.
The adder is lightly wounded.
The adder closely misses you. The adder bites you but does no damage.
The rat closely misses you.
You hit the adder.
The adder is moderately wounded.
The adder bites you but does no damage. The rat closely misses you.
The adder barely misses you.
You closely miss the adder.
The adder is moderately wounded.
The adder bites you but does no damage. The rat bites you but does no damage.
You hit the adder.
The adder is severely wounded.
The adder bites you but does no damage. The rat misses you.
The adder closely misses you.
You hit the adder.
You kill the adder!
The rat misses you.
The jackal bites you but does no damage.
Your Maces & Flails skill increases to level 4!
You closely miss the jackal. The jackal closely misses you.
The jackal barely misses you.
You hit the jackal.
The jackal is heavily wounded.
The jackal bites you. The river rat bites you.
You barely miss the jackal.
The jackal is heavily wounded.
The jackal bites you but does no damage. x2
You closely miss the jackal.
The jackal is heavily wounded.
The jackal barely misses you. The river rat bites you.
The jackal bites you but does no damage.
You barely miss the jackal.
The jackal is heavily wounded.
The rat bites you but does no damage. The river rat bites you.
The jackal bites you but does no damage.
You thump the jackal!
You kill the jackal!
The rat closely misses you. The river rat closely misses you.
The river rat bites you.
* * * LOW HITPOINT WARNING * * *
The rat misses you.
Your Stealth skill increases to level 4!
You have reached level 3!
Your experience leads to an increase in your attributes!
Increase (S)trength, (I)ntelligence, or (D)exterity?
You feel stronger. x2
You closely miss the river rat. The rat barely misses you.
The river rat bites you.
You die...
Your body disappears without a glow.

#....')))'.##......#..#
##########.##..........
#..........†'..........
#+#####†#####......#..#
#. #...'.##..........
#..#...#.#####'#####+
#..#####.##.......#
#..rr..#.##.......#
#..†@..†.##.......#
#..########...<...# #.
#.......# # #.......#
#.......# #########


You could see a river rat and a rat.

Vanquished Creatures
  An adder (D)
  An ufetubus (D)
  2 hobgoblins (D)
  4 jackals (D)
  2 rats (D)
10 creatures vanquished.

Notes
Turn   | Place    | Note
-------+----------+-------------------------------------------
     0 | D        | Darkkill the Gargoyle Monk began the quest for the Orb.
     0 | D        | Reached XP level 1. HP: 14/14 MP: 1/1
    48 | D        | Found a bloodstained altar of Trog.
    48 | D        | Found a shimmering blue altar of Sif Muna.
    48 | D        | Found a viscous altar of Jiyva.
    48 | D        | Found a hazy altar of Hepliaklqana.
    48 | D        | Found an opulent altar of Gozag.
    49 | D        | Found a glowing golden altar of the Shining One.
    49 | D        | Found a glowing silver altar of Zin.
    49 | D        | Found a basalt altar of Yredelemnul.
    49 | D        | Found a shimmering altar of Xom.
    49 | D        | Found an ornate altar of the Wu Jian Council.
    49 | D        | Found a sacrificial altar of Ru.
    49 | D        | Found a stormy altar of Qazlal.
    49 | D        | Found an iron altar of Okawaru.
    49 | D        | Found a sparkling altar of Nemelex Xobeh.
    49 | D        | Found a burning altar of Makhleb.
    49 | D        | Found a blossoming altar of Fedhas.
    49 | D        | Found a white marble altar of Elyvilon.
    49 | D        | Found a shadowy altar of Dithmenos.
    49 | D        | Found a snail-covered altar of Cheibriados.
    51 | D        | Found a radiant altar of Vehumet.
    51 | D        | Found a corrupted altar of Lugonu.
    53 | D        | Found an ancient bone altar of Kikubaaqudgha.
    53 | D        | Found a hide-covered altar of Uskayaw.
    53 | D        | Found a broken altar of Ashenzari.
    62 | D        | Became a worshipper of Nemelex Xobeh the Trickster
    62 | D        | Reached * piety under Nemelex Xobeh
    62 | D        | Received a gift from Nemelex Xobeh
    62 | D        | Reached ** piety under Nemelex Xobeh
    88 | D        | Received a gift from Nemelex Xobeh
   100 | D        | Reached XP level 2. HP: 19/20 MP: 2/2
   123 | D        | HP: 4/20 [river rat (3)]
   124 | D        | Reached XP level 3. HP: 5/24 MP: 3/3
   124 | D        | Slain by a river rat

Illustrated notes

Levels and vault maps discovered:
D:        pitsprint [storerooms_1, entrance_room_1, metal_vault_6, armoury_1,
          mini_pit_1, grid_room_1, main_hall_1, silver_pit, the_coven_2,
          the_vestibule_1, steel_vault_3, golden_pit, hallway_of_sentries,
          crystal_vault_5, iron_vault_3, final_vault]

Skill      XL: |  1  2 |
---------------+-------+-----
Fighting       | 4 |  4.5
Dodging        | 3 |  3.3
Stealth        | 3 4 |  4.0
Maces & Flails | 4 |  4.1

Action                   || total
-------------------------++-------
Melee: Quarterstaff      ||    29
       Mace              ||     1
Armor: Robe              ||    20
Dodge: Dodged            ||    34

Table legend: (Time is in decaauts)
 A = Elapsed time spent in this place.
 B = Non-inter-level travel time spent in this place.
 C = Inter-level travel time spent in this place.
 D = Time resting spent in this place.
 E = Time spent auto-exploring this place.
 F = Levels seen in this place.
 G = Mean time per level.
                   A        B        C        D        E       F      G
               +--------+--------+--------+--------+--------+-----+--------+
         Total |    129 |    129 |      0 |      0 |      0 |   1 |  129.0 |
       Dungeon |    129 |    129 |      0 |      0 |      0 |   1 |  129.0 |
               +--------+--------+--------+--------+--------+-----+--------+

Top non-repeatable levels by time:
       D: 129 daAuts

Table legend:
 A = Kills in this place as a percentage of kills in entire the game.
 B = Kills by you in this place as a percentage of kills by you in the entire game.
 C = Kills by friends in this place as a percentage of kills by friends in the entire game.
 D = Other kills in this place as a percentage of other kills in the entire game.
 E = Experience gained in this place as a percentage of experience gained in the entire game.
 F = Experience gained in this place divided by the number of levels of this place that you have seen.
                   A       B       C       D       E      F
               +-------+-------+-------+-------+-------+----------------------
         Total | 100.0 | 100.0 |   N/A |   N/A | 100.0 |  35.0
       Dungeon | 100.0 | 100.0 |   N/A |   N/A | 100.0 |  35.0
               +-------+-------+-------+-------+-------+----------------------
